 Dungeon Crawl Stone Soup version 0.27-a0-695-gb4952372f7 (webtiles) character file.

Game seed: 6008467289641915091

23 jasper the Conjurer (level 2, -3/15 HPs)
             Began as a Deep Elf Conjurer on Mar 21, 2021.
             Slain by Natasha (4 damage)
             ... on level 2 of the Dungeon.
             The game lasted 00:01:36 (1051 turns).

jasper the Conjurer (Deep Elf Conjurer)             Turns: 1051, Time: 00:01:37

Health: -3/15      AC:  2    Str:  4    XL:     2   Next: 72%
Magic:  6/8        EV: 12    Int: 22    God:
Gold:   20         SH:  0    Dex: 13    Spells: 6/7 levels left

rFire    . . .     SeeInvis .   g - +0 dagger (protect)
rCold    . . .     Faith    .   (no shield)
rNeg     . . .     Spirit   .   a - +0 robe
rPois    .         Reflect  .   (no helmet)
rElec    .         Harm     .   (no cloak)
rCorr    .         Rampage  .   (no gloves)
Will     .....                  (no boots)
Stlth    ++........             (no amulet)
HPRegen  0.05/turn              (no ring)
MPRegen  0.11/turn              (no ring)

@: flying
A: no striking features
a: no special abilities


You were on level 2 of the Dungeon.
You visited 1 branch of the dungeon, and saw 2 of its levels.

You collected 20 gold pieces.

Inventory:

Hand Weapons
 g - a +0 dagger of protection (weapon)
Missiles
 h - a datura-tipped dart
Armour
 a - a +0 robe (worn)
Magical Staves
 b - a staff of fire
Scrolls
 d - a scroll of brand weapon {unknown}
 f - a scroll of immolation {unknown}


   Skills:
 - Level 2.4 Dodging
 - Level 2.4 Stealth
 - Level 3.0 Spellcasting
 + Level 5.3 Conjurations


You had 6 spell levels left.
You knew the following spells:

 Your Spells              Type           Power      Damage    Failure   Level
a - Magic Dart            Conj           100%       1d8       1%          1

Your spell library contained the following spells:

 Spells                   Type           Power      Damage    Failure   Level
 Searing Ray              Conj           52%        3d5       1%          2
 Dazzling Flash           Conj/Hex       30%        N/A       12%         3
 Confusing Touch          Hex            3%         N/A       36%         3
 Gell's Gravitas          Tloc           1%         N/A       36%         3
 Fulminant Prism          Conj/Hex       7%         3d7       38%         4
 Iskenderun's Mystic Bla  Conj/Tloc      15%        2d5       38%         4
 Petrify                  Tmut/Erth      3%         N/A       77%         4
 Metabolic Englaciation   Hex/Ice        1%         N/A       98%         5
 Yara's Violent Unravell  Hex/Tmut       1%         3d3       98%         5


Dungeon Overview and Level Annotations

Branches:
Dungeon (2/15)

Altars:

Shops:
D:1 :

Annotations:
D:2 Natasha


Message History

Press: ? - help, Q - select action, (/) - cycle Shift-Dir - straight line, f - rat
Aim: a rat (0% to evade)
The magic dart hits the rat.
You kill the rat!
You now have 7/8 mp.
Natasha, Servant of Life and Death comes into view.
Natasha hisses angrily.
MP restored: 8
Aiming: Magic Dart (safe; 1% risk of failure)
Press: ? - help, Q - select action, (/) - cycle Shift-Dir - straight line, f - Natasha
Aim: Natasha (0% to evade)
The magic dart hits Natasha.
Natasha is lightly wounded.
Natasha stares at you and mumbles some strange words.
The magic dart hits you!
Ouch! That really hurt!
You take 8 damage, and have 7/15 hp.
MASSIVE DAMAGE!!
You now have 7/8 mp.
Casting: Magic Dart (safe; 1% risk of failure)
Confirm with . or Enter, or press ? or * to list all spells.
You don't know that spell.
It was a potion of flight.
You feel very buoyant.
You fly up into the air.
You aren't carrying any items that you can evoke.
Throw: 2 darts (datura)
Press: ? - help, Q - select action, (/) - cycle Shift-Dir - straight line, f/p - Natasha
Aim: Natasha (lightly wounded, 47% to hit, chance to frenzy on hit: 83%)
You throw a datura-tipped dart.
The datura-tipped dart barely misses Natasha.
Aiming: Magic Dart (safe; 1% risk of failure)
Press: ? - help, Q - select action, (/) - cycle Shift-Dir - straight line, f/p - Natasha
Aim: Natasha (0% to evade)
The magic dart hits Natasha but does no damage.
Natasha claws you!
* * * LOW HITPOINT WARNING * * *
You take 7 damage, and have 1/15 hp.
MASSIVE DAMAGE!!
You now have 6/8 mp.
As you read the scroll labelled FOSODI VAYXE, it crumbles to dust.
You feel aware of your surroundings.
It was a scroll of magic mapping.
Natasha claws you.
You die...

*,****,,,*#######'##+#######
*,* *,,,,..................
*,* *>,,,................#*
*,* *,,,*##########.####.#
*,* *,,,* *,......#.####.#
*,* *,,,* *,.............##
*,* ***** **#####.##......#
*,* ######...#.##......# *,*
#.h@.....#.......... *,*
#(####.############. *,*
****#..,*#...........#.. *,*
*,,,....*##########.#### *,*
*,,..h..# #)# # *,*
*,......#*********#.# # *,*
*######.#,,,,,,,,*#.#### *,*
*.#,,,,,,,,*#..... *,*
*,*,,,,,,,,*######


You could see Natasha.

Vanquished Creatures
  5 bats (D:1)
  2 giant cockroaches (D:1)
  2 hobgoblins (D:1)
  3 quokkas (D:1)
  3 frilled lizards (D:1)
  A kobold (D:1)
  8 rats
24 creatures vanquished.

Notes
Turn   | Place    | Note
-------+----------+-------------------------------------------
     0 | D:1      | jasper the Deep Elf Conjurer began the quest for the Orb.
     0 | D:1      | Reached XP level 1. HP: 10/10 MP: 6/6
   290 | D:1      | Reached XP level 2. HP: 15/15 MP: 6/8
   352 | D:1      | Reached skill level 5 in Conjurations
   541 | D:1      | Found Ozuu's Book Boutique.
  1044 | D:2      | Noticed Natasha
  1051 | D:2      | Slain by Natasha

Illustrated notes

Levels and vault maps discovered:
D:1:      minmay_arrival_stair_chambers, layout_basic, serial_shops,
          nicolae_shop_crystal
D:2:      layout_basic, moated_statue, uniq_natasha, uniq_sigmund

Skill      XL: |  1  2 |
---------------+-------+-----
Conjurations   | 5 |  5.3
Dodging        | |  2.4
Stealth        | |  2.4
Spellcasting   | |  3.0

Action                   || total
-------------------------++-------
Throw: Dart              ||     1
 Cast: Magic Dart        ||    40
  Use: Scroll            ||     1
       Potion            ||     1

Table legend: (Time is in decaauts)
 A = Elapsed time spent in this place.
 B = Non-inter-level travel time spent in this place.
 C = Inter-level travel time spent in this place.
 D = Time resting spent in this place.
 E = Time spent auto-exploring this place.
 F = Levels seen in this place.
 G = Mean time per level.
                   A        B        C        D        E       F      G
               +--------+--------+--------+--------+--------+-----+--------+
         Total |   1050 |   1038 |     12 |      0 |    935 |   2 |  525.0 |
       Dungeon |   1050 |   1038 |     12 |      0 |    935 |   2 |  525.0 |
               +--------+--------+--------+--------+--------+-----+--------+

Top non-repeatable levels by time:
     D:1: 927 daAuts
     D:2: 123 daAuts
